 Dungeon Crawl Stone Soup version 0.31-a0-986-g5e6e4ef867 (webtiles) character file.

Game seed: 5696460763496244345

6871 jestert79 the Martial Artist (level 10, 0/73 HPs)
             Began as a Demonspawn Shapeshifter on Nov 9, 2023.
             Was a High Priest of Ru.
             Constricted to death by Maurice (5 damage)
             ... on level 10 of the Dungeon.
             The game lasted 00:35:53 (9279 turns).

jestert79 the Martial Artist (DsSh)                 Turns: 9279, Time: 00:35:54

Health: 0/73       AC: 10    Str: 22    XL:     10   Next: 78%
Magic:  10/10      EV: 11    Int: 11    God:    Ru [*****.]
Gold:   362        SH:  4    Dex: 16    Spells: 9/9 levels left

rFire   . .          .
                       - Unarmed
rCold   . . .        (shield currently unavailable)
rNeg    . . .        a - +1 animal skin
rPois   +            q - +1 hat {SInv}
rElec   .            h - +0 cloak
rCorr   .            j - +0 pair of gloves
SInv    +            (no boots)
Will    .....        (no amulet) Stlth
                     y - +4 ring of slaying
HPRegen 0.32/turn    n - +6 ring of strength
MPRegen 0.12/turn

%: no passive effects
@: mighty, flux-form, grasped by roots, glowing, constricted
A: glow, contaminating, slimy green scales 3, powered by pain 3, no stealth,
inability to use devices, hated by all, no ice magic, no translocations magic,
no transmutations magic, condensation shield, corrupting presence 1
a: Begin Untransformation, Renounce Religion, Draw Out Power, Power Leap,
Apocalypse


You were on level 10 of the Dungeon.
You worshipped Ru.
Ru was extremely pleased with you.
You were something dangerously unstable.
You visited 1 branch of the dungeon, and saw 10 of its levels.

You collected 362 gold pieces.

Inventory:

Hand Weapons
 b - a +0 sling of draining
 v - the +3 sling of the Smoking Dove {drain, rElec rF+ rC+ Stlth+}
   (You found it on level 9 of the Dungeon)

   rF+:       It protects you from fire.
   rC+:       It protects you from cold.
   rElec:     It insulates you from electricity.
   Stlth+:    It makes you more stealthy.
Missiles
 e - 88 stones
 i - 36 poisoned darts (quivered)
 D - 2 curare-tipped darts
Armour
 a - a +1 animal skin (worn)
 h - a +0 cloak (worn)
 j - a +0 pair of gloves (worn)
 q - a +1 hat of see invisible (worn)
Jewellery
 k - a +6 ring of intelligence
 n - a +6 ring of strength (right hand)
 y - a +4 ring of slaying (left hand)
 C - a +5 ring of evasion
 F - a +6 ring of dexterity
 G - a ring of fire
Talismans
 c - a beast talisman
 d - a flux talisman (active)
 o - a blade talisman
 s - a maw talisman
Scrolls
 g - a scroll of enchant armour
 p - a scroll of teleportation
 A - a scroll of vulnerability
 I - a scroll of blinking
Potions
 f - 3 potions of curing
 l - a potion of might
 m - 2 potions of degeneration
 r - a potion of resistance {unknown}
 t - 4 potions of heal wounds
 u - 3 potions of enlightenment {unknown}
 w - 2 potions of attraction
 x - a potion of lignification
 z - a potion of haste {unknown}
 B - 3 potions of brilliance
 E - a potion of mutation


   Skills:
 + Level 4.8 Fighting
 + Level 4.7 Dodging
 - Level 11.0 Unarmed Combat
 + Level 8.6 Shapeshifting


You had 9 spell levels left.
You didn't know any spells.
Your spell library contained the following spells:

 Spells                   Type           Power      Damage    Failure   Level
 Magic Dart               Conj           0%         1d3       34%         1
 Necrotise                Necr           0%         1d4       34%         1
 Searing Ray              Conj           0%         2d4       47%         2
 Static Discharge         Conj/Air       0%         3-3/arc   47%         2
 Mephitic Cloud           Conj/Pois/Air  0%         N/A       71%         3
 Airstrike                Air            0%         2d(0-16)  98%         4
 Fulminant Prism          Conj/Hex       0%         3d5       98%         4
 Arcjolt                  Conj/Air       0%         1d10      100%        5
 Maxwell's Capacitive Co  Air            0%         ∞         100%        8
 Apportation              Tloc           Unusable   N/A       N/A         1
 Summon Small Mammal      Summ           Unusable   N/A       N/A         1
 Call Imp                 Summ           Unusable   N/A       N/A         2
 Summon Lightning Spire   Summ/Air       Unusable   N/A       N/A         4
 Vhi's Electric Charge    Tloc/Air       Unusable   N/A       N/A         4

Dungeon Overview and Level Annotations

Branches:
Dungeon (10/15)            Temple (0/1) D:6
   Lair: D:8-11         Orc: D:9-12

Altars:
Dithmenos
Makhleb
Okawaru
Qazlal
Ru
Wu Jian

Shops:
D:4 :   D:5 :

Annotations:
D:1 2 runed translucent doors
D:10 Maurice


Innate Abilities, Weirdness & Mutations

You are something dangerously unstable.
You glow with magical radiation, making you easy to see and hit.
Foes you strike become dangerously contaminated with magical radiation.
You are incapable of wielding weapons or throwing items.
You are completely covered in slimy green scales. (AC +4, rPois)
You are powered by pain.
You cannot be stealthy.
You cannot study or use magical devices.
You are hated by all.
You cannot study or cast Ice magic.
You cannot study or cast Translocations magic.
You cannot study or cast Transmutations magic.
A meltable shield of frost defends you. (SH +4)
Your presence sometimes corrodes those you injure.


Message History

The grasping roots constrict you.
You punch Maggie!
You kill Maggie!
Unknown command.
You escape the roots grasp.
Maurice zaps a wand.
The roots erupt in riotous growth!
The two-headed ogre is unaffected.
Maurice is unaffected.
The grasping roots grab you! The grasping roots constrict you.
Things that are here:
a +2 heavy scimitar; +0 steam dragon scales You barely miss the two-headed ogre.
You completely miss the two-headed ogre.
The two-headed ogre hits you with a +0 giant club!
You focus your inner power and illuminate the two-headed ogre in retribution!
The two-headed ogre hits you with a +0 giant spiked club!
The grasping roots constrict you.
Unknown command.
You punch the two-headed ogre!
Your corrupting presence corrodes the two-headed ogre!
The two-headed ogre begins to glow.
The two-headed ogre is moderately wounded.
The grasping roots constrict you.
The two-headed ogre hits you with a +0 giant club.
The two-headed ogre hits you with a +0 giant spiked club!!
* * * LOW HITPOINT WARNING * * *
You punch the two-headed ogre!
The two-headed ogre glows dangerously bright.
The two-headed ogre is moderately wounded.
The grasping roots constrict you.
* * * LOW HITPOINT WARNING * * *
The grasping roots release their grip on you.
Unknown command.
You punch the two-headed ogre!
The two-headed ogre shudders as magic cascades through it!!
You kill the two-headed ogre!
Maurice zaps a wand.
The roots erupt in riotous growth!
The grasping roots grab you! The grasping roots constrict you.
You die...

#######+## #....[...#
####+####### #....<...#
...........# #........#
...........# #........+
...........######........#
..........@)p...'........#
...........######........#
...........# #........#
.........V.# ##########
###......### ######@#
......@....# .<.........#
..@........#


You could see Maurice (invisible).

Vanquished Creatures
  Gastronok (D:8)
  Erica (D:8)
  2 two-headed ogres
  An ugly thing (D:9)
  Maggie (D:10)
  3 kobold demonologists (D:9)
  A troll (D:9)
  A vampire (D:10)
  A wyvern (D:9)
  3 yaks (D:9)
  2 orc warriors
  2 sky beasts
  An ice beast (D:8)
  2 black bears
  2 centaurs
  5 kobold brigands
  A scorpion (D:5)
  4 wights (D:8)
  A howler monkey (D:5)
  3 orc priests
  6 hounds
  2 jellies
  3 sleepcaps
  2 iguanas
  5 orc wizards
  7 adders
  7 gnolls
  2 worms
  3 dart slugs
  26 orcs
  6 bats
  5 endoplasms
  4 giant cockroaches
  5 goblins
  9 hobgoblins
  8 jackals
  4 quokkas
  7 ball pythons
  2 frilled lizards
  14 kobolds
  4 rats
169 creatures vanquished.

Vanquished Creatures (others)
  A yak (D:9)
  A quokka (D:5)
2 creatures vanquished.

Grand Total: 171 creatures vanquished

Notes
Turn   | Place    | Note
-------+----------+-------------------------------------------
     0 | D:1      | jestert79 the Demonspawn Shapeshifter began the quest for
                  | the Orb.
     0 | D:1      | Reached XP level 1. HP: 15/15 MP: 1/1
    89 | D:1      | Gained mutation: You are partially covered in slimy green
                  | scales. (AC +2) [demonic ancestry]
    89 | D:1      | Reached XP level 2. HP: 14/21 MP: 2/2
   211 | D:1      | Reached skill level 3 in Unarmed Combat
   213 | D:1      | Found a large runed translucent door.
   213 | D:1      | Found a large runed translucent door.
   898 | D:1      | Gained mutation: You sometimes gain a little power by
                  | taking damage. [demonic ancestry]
   898 | D:1      | Reached XP level 3. HP: 26/26 MP: 3/3
   944 | D:1      | Found a faded altar of an unknown god.
   951 | D:1      | Prayed at the altar of an unknown god.
   951 | D:1      | Became a worshipper of Ru the Awakened
   971 | D:1      | Gained mutation: You cannot study or cast Ice magic. [Ru
                  | sacrifice]
   971 | D:1      | Gained mutation: You cannot study or cast Transmutations
                  | magic. [Ru sacrifice]
   971 | D:1      | Gained mutation: You cannot study or cast Translocations
                  | magic. [Ru sacrifice]
   971 | D:1      | Reached * piety under Ru
  1874 | D:2      | Reached XP level 4. HP: 32/32 MP: 4/4
  2924 | D:3      | Gained mutation: You sometimes gain power by taking damage.
                  | [demonic ancestry]
  2924 | D:3      | Reached XP level 5. HP: 15/37 MP: 5/5
  2928 | D:3      | Reached skill level 4 in Unarmed Combat
  3846 | D:4      | Gained mutation: You cannot study or use magical devices.
                  | [Ru sacrifice]
  3846 | D:4      | Reached ** piety under Ru
  3846 | D:4      | Reached *** piety under Ru
  4120 | D:4      | Gained mutation: You are powered by pain. [demonic
                  | ancestry]
  4120 | D:4      | Reached XP level 6. HP: 38/43 MP: 6/6
  4143 | D:4      | You fall into a shaft and drop 3 floors!
  4463 | D:7      | Reached skill level 5 in Unarmed Combat
  4487 | D:7      | Noticed a water moccasin
  4671 | D:5      | Entered Level 5 of the Dungeon
  4761 | D:4      | Found Soras's Tremendous Tomes.
  4893 | D:4      | Found a shadowy altar of Dithmenos.
  4894 | D:4      | Found a blossoming altar of Fedhas.
  4895 | D:4      | Found a burning altar of Makhleb.
  4896 | D:4      | Found an ornate altar of the Wu Jian Council.
  5047 | D:5      | Gained mutation: A meltable shield of frost defends you.
                  | (SH +4) [demonic ancestry]
  5047 | D:5      | Reached XP level 7. HP: 32/48 MP: 7/7
  5052 | D:5      | Reached skill level 5 in Shapeshifting
  5246 | D:5      | Reached skill level 6 in Unarmed Combat
  5817 | D:5      | Found Wimirph's Book Shoppe.
  5928 | D:6      | Reached skill level 7 in Unarmed Combat
  5928 | D:6      | Gained mutation: You are mostly covered in slimy green
                  | scales. (AC +3) [demonic ancestry]
  5928 | D:6      | Reached XP level 8. HP: 54/54 MP: 8/8
  5955 | D:6      | Gained mutation: You cannot be stealthy. [Ru sacrifice]
  5955 | D:6      | Reached **** piety under Ru
  6088 | D:6      | Found a staircase to the Ecumenical Temple.
  6350 | D:8      | Found an iron altar of Okawaru.
  6570 | D:8      | Noticed Erica
  6589 | D:8      | Reached skill level 8 in Unarmed Combat
  6633 | D:8      | Killed Erica
  6634 | D:8      | Reached skill level 9 in Unarmed Combat
  6634 | D:8      | Gained mutation: Your presence sometimes corrodes those you
                  | injure. [demonic ancestry]
  6634 | D:8      | Reached XP level 9. HP: 59/59 MP: 9/9
  6712 | D:8      | Found a stormy altar of Qazlal.
  6959 | D:8      | Noticed Gastronok
  6982 | D:8      | Killed Gastronok
  6983 | D:8      | Reached skill level 10 in Unarmed Combat
  7620 | D:9      | Identified the +3 sling of the Smoking Dove {drain, rElec
                  | rF+ rC+ Stlth+}
  7866 | D:9      | Noticed a brown ugly thing
  7887 | D:9      | Killed a brown ugly thing
  7888 | D:9      | Gained mutation: You are completely covered in slimy green
                  | scales. (AC +4, rPois) [demonic ancestry]
  7888 | D:9      | Reached XP level 10. HP: 68/68 MP: 10/10
  8526 | D:9      | Noticed a two-headed ogre
  8531 | D:9      | Killed a two-headed ogre
  8532 | D:9      | Reached skill level 11 in Unarmed Combat
  9176 | D:10     | Entered Level 10 of the Dungeon
  9192 | D:10     | Noticed a death yak
  9252 | D:10     | Noticed Maggie
  9252 | D:10     | Noticed a two-headed ogre
  9253 | D:10     | Noticed Maurice
  9263 | D:10     | Gained mutation: You are hated by all. [Ru sacrifice]
  9263 | D:10     | Reached ***** piety under Ru
  9273 | D:10     | Killed Maggie
  9279 | D:10     | Killed a two-headed ogre
  9279 | D:10     | Constricted to death by Maurice

Illustrated notes

Levels and vault maps discovered:
D:1:      erik_arrival_cave_to_civilisation [erik_arrival_cave_to_temple],
          layout_loops_ring, serial_co_window_serial, co_window_paths_b,
          co_window_corner_a, co_window_paths_b, co_window_corner_a,
          co_window_paths_a, co_window_corner_cb, co_window_2corner,
          co_window_of_opportunity_c, co_window_2corner, co_window_sun,
          glass_columns_b, glass_columns_b, glass_columns_a, glass_columns_b,
          ebering_ecumenical_altar_mist
D:2:      layout_loops_ring
D:3:      layout_basic, kennysheep_pointless_box, chequers_serial_rivers_micro_c
D:4:      layout_cave_pools, mainiacjoe_overflow_alcove_3,
          nicolae_shop_i_like_big_books, hangedman_decor_peaks_small
D:5:      layout_rooms, serial_shops, shop
D:6:      layout_cave_pools, temple_statues, minmay_misc_feat_room,
          nicolae_lava_and_water, uniq_duvessa
D:7:      layout_gridville
D:8:      layout_basic, nicolae_overflow_crystal_walls, lemuel_round_altar,
          grunt_qazlal_clouds, nicolae_nh_ransacked_shop, uniq_erica,
          uniq_gastronok
D:9:      layout_loops_ring
D:10:     layout_roguey, nicolae_yredelemnul_ghost_church, lemuel_tele_altar,
          david_lair_generic, minmay_diced_spiral, uniq_lodul, uniq_maurice,
          uniq_maggie, uniq_urug

Skill      XL: |  1  2  3  4  5  6  7  8  9 10 |
---------------+-------------------------------+-----
Shapeshifting  | 3 4 5 6 7 8 |  8.6
Unarmed Combat | 3 4 5 7 9 10 11 | 11.0
Dodging        | 2 4 |  4.7
Fighting       | 2 4 |  4.8

Action                     |  1- 3 |  4- 6 |  7- 9 | 10-12 || total
---------------------------+-------+-------+-------+-------++-------
  Melee: Unarmed           |   141 |   170 |   159 |    98 ||   568
         Punch             |     3 |     3 |     3 |       ||     9
   Fire: Sling             |       |    26 |    26 |       ||    52
  Throw: Dart              |       |    12 |     8 |       ||    20
 Invoke: Sacrifice Arcana  |     1 |       |       |       ||     1
         Sacrifice Artific |       |     1 |       |       ||     1
         Sacrifice Stealth |       |       |     1 |       ||     1
         Sacrifice Love    |       |       |       |     1 ||     1
    Use: Scroll            |       |       |    16 |     2 ||    18
         Potion            |       |       |     5 |     2 ||     7
   Stab: Distracted        |       |     1 |     1 |     1 ||     3
         Sleeping          |       |     1 |       |       ||     1
         Confused          |       |       |     1 |       ||     1
 Armour: Animal skin       |    68 |    75 |    66 |    42 ||   251
         Skin              |       |       |     4 |       ||     4
  Dodge: Dodged            |    62 |    82 |    53 |    41 ||   238
  Block: Other             |       |       |    15 |    12 ||    27
   Form: Flux              |       |       |     1 |       ||     1

Table legend: (Time is in decaauts)
 A = Elapsed time spent in this place.
 B = Non-inter-level travel time spent in this place.
 C = Inter-level travel time spent in this place.
 D = Time resting spent in this place.
 E = Time spent auto-exploring this place.
 F = Levels seen in this place.
 G = Mean time per level.
                   A        B        C        D        E       F      G
               +--------+--------+--------+--------+--------+-----+--------+
         Total |   9241 |   8805 |    436 |   1705 |   4954 |  10 |  924.1 |
       Dungeon |   9241 |   8805 |    436 |   1705 |   4954 |  10 |  924.1 |
               +--------+--------+--------+--------+--------+-----+--------+

Top non-repeatable levels by time:
     D:9: 1525 daAuts
     D:1: 1510 daAuts
     D:8: 1319 daAuts
     D:3: 1318 daAuts
     D:4: 973 daAuts
     D:2: 774 daAuts
     D:5: 745 daAuts
     D:7: 673 daAuts
     D:6: 328 daAuts
    D:10: 73 daAuts
